Map: Ley Lines

Players

samÆl

  • Race: Protoss Protoss
  • League: Diamond
  • Spawn Location: 1:00

ManlyManMeat - Winner!

  • Race: Zerg Zerg
  • League: Diamond
  • Spawn Location: 7:00

VOD

Have the link to the VOD?

Description

Time

  • Played on: June 26, 2025, 6:06 a.m.
  • Length: 12:49
Show
View Real Time Build Order
Export as new Build Order

samÆl Protoss 

Build Orders: 1 Gate Expand, Oracle Opening 

Get SALT Encoding   

  12  0:00  Probe  
  13  0:12  Probe  
  14  0:19  Pylon  
  14  0:24  Probe  
  15  0:38  Gateway, Probe  
  16  0:46  Probe  
  16  0:52  Assimilator  
  16  0:56  Probe  
  18  1:08  Probe  
  19  1:28  Nexus  
  19  1:41  Cybernetics Core  
  19  1:45  Probe  
  20  1:55  Assimilator  
  20  1:57  Pylon, Probe  
  21  2:06  Probe  
  21  2:10  Adept  
  21  2:14  Probe  
  25  2:23  Probe  
  25  2:28  Shield Battery  
  26  2:32  Gateway  
  26  2:34  Adept  
  26  2:42  Probe  
  29  2:47  Probe  
  30  2:55  Stargate  
  30  2:56  Sentry  
  30  3:04  Assimilator  
  32  3:09  Warp Gate  
  32  3:12  Probe x2  
  34  3:24  Probe  
  35  3:29  Probe  
  36  3:36  Probe  
  36  3:39  Oracle  
  40  3:41  Probe  
  40  3:48  Probe, Stalker  
  46  3:58  Probe  
  46  4:00  Probe  
  46  4:02  Assimilator  
  46  4:08  Pylon  
  46  4:12  Pylon  
  46  4:15  Gateway  
  46  4:18  Oracle  
  49  4:47  Gateway  
  49  4:50  Gateway x2  
  49  4:52  Nexus  
  49  4:53  Gateway  
  49  5:13  Pylon  
  49  5:14  Pylon  
  49  5:16  Pylon  
  49  5:18  Pylon  
  49  5:25  Probe x2  
  49  5:33  Probe x2  
  51  5:37  Robotics Facility  
  53  5:43  Probe x2  
  53  5:47  Stalker x2  
  59  5:55  Probe x2  
  61  6:05  Void Ray  
  65  6:11  Twilight Council  
  65  6:14  Probe  
  65  6:15  Probe x2  
  68  6:20  Stalker  
  68  6:21  Sentry  
  68  6:25  Observer  
  72  6:26  Pylon, Probe  
  72  6:27  Probe  
  75  6:37  Probe  
  75  6:38  Probe  
  75  6:39  Probe  
  78  6:42  Shield Battery  
  78  6:49  Probe  
  78  6:50  Immortal  
  78  6:51  Probe x2  
  85  7:02  Probe  
  85  7:03  Probe x2  
  85  7:06  Stalker x3  
  94  7:14  Probe  
  94  7:15  Probe x2  
  97  7:20  Stalker x2  
  97  7:21  Stalker x2  
  105  7:26  Charge  
  105  7:29  Probe  
  105  7:30  Probe  
  105  7:32  Probe  
  97  7:38  Probe x2  
  97  7:39  Stalker  
  102  7:44  Probe  
  102  7:46  Probe x2  
  104  7:51  Stalker  
  104  7:52  Stalker x2  
  104  7:56  Probe  
  104  7:58  Probe, Templar Archives  
  112  8:08  Probe  
  112  8:09  Probe  
  112  8:10  Probe  
  112  8:12  Stalker  
  117  8:41  Probe x2  
  117  8:43  Psionic Storm  
  117  8:46  Stalker  
  117  8:47  Stalker x6  
  109  8:49  Immortal  
  109  8:53  Probe x2  
  107  8:58  Assimilator  
  107  9:05  Probe x2  
  107  9:07  Assimilator  
  109  9:12  High Templar x3  
  109  9:13  High Templar  
  117  9:20  Pylon  
  117  9:22  Pylon  
  115  9:24  Stalker  
  117  9:39  Immortal, Zealot  
  117  9:40  Zealot  
  125  9:47  Gateway x2  
  125  9:51  Pylon  
  125  9:52  Pylon, Gateway, High Templar x2  
  129  9:53  High Templar  
  131  10:07  Zealot  
  131  10:12  Gateway  
  133  10:15  Immortal  
  133  10:16  Gateway  
  133  10:20  Pylon  
  133  10:21  Stalker x3  
  139  10:22  Pylon x2  
  139  10:23  Pylon  
  139  10:24  Pylon  
  139  10:27  Zealot x2  
  115  10:39  Zealot  
  71  10:52  Zealot x3  
  70  10:59  Archon  
  70  11:00  Archon  
  66  11:11  High Templar  
  64  11:13  High Templar x2  
  66  11:26  Gateway  
  66  11:27  Pylon  
  66  11:28  Pylon  
  66  11:34  High Templar  
  68  11:44  Zealot  
  49  12:40  Archon  
  49  12:41  Archon  
Show
View Real Time Build Order
Export as new Build Order

ManlyManMeat Zerg - Winner!

Build Orders: Hatch First 

Get SALT Encoding   

  12  0:00  Drone  
  13  0:08  Drone  
  14  0:16  Drone, Extractor  
  15  0:40  Overlord  
  15  0:44  Hatchery  
  14  0:50  Drone, Extractor  
  15  0:58  Drone x2  
  17  1:11  Spawning Pool  
  17  1:13  Extractor  
  15  1:22  Drone x2  
  17  1:31  Drone  
  18  1:53  Drone x2  
  20  1:58  Queen  
  22  2:01  Queen  
  24  2:09  Zergling x2  
  24  2:10  Zergling x2  
  26  2:16  Metabolic Boost  
  26  2:26  Drone x2  
  26  2:29  Overlord  
  28  2:45  Hatchery  
  28  2:50  Drone x2  
  29  2:51  Drone  
  29  2:57  Drone x2  
  32  2:59  Drone  
  33  3:06  Drone x2  
  33  3:12  Overlord  
  35  3:17  Drone  
  36  3:29  Queen  
  36  3:31  Queen  
  36  3:32  Drone  
  36  3:33  Drone  
  42  3:34  Drone  
  42  3:36  Drone  
  44  3:41  Overlord  
  44  3:43  Overlord  
  44  3:59  Spore Crawler  
  44  4:00  Spore Crawler  
  44  4:02  Queen  
  44  4:14  Drone x2  
  44  4:16  Drone x6  
  44  4:17  Drone  
  53  4:19  Baneling Nest  
  53  4:21  Extractor  
  51  4:30  Drone x2  
  51  4:31  Drone  
  54  4:34  Drone x4  
  54  4:35  Drone x2  
  54  4:38  Spore Crawler  
  59  4:45  Overlord  
  59  4:46  Overlord  
  59  4:47  Overlord  
  59  5:03  Queen x2  
  59  5:04  Lair  
  63  5:07  Evolution Chamber  
  63  5:09  Drone  
  63  5:10  Drone x3  
  66  5:20  Zergling x16  
  66  5:21  Zergling x2  
  74  5:25  Evolution Chamber  
  74  5:28  Drone x3  
  76  5:31  Extractor  
  76  5:33  Extractor  
  74  5:42  Baneling x6  
  74  5:43  Baneling x4  
  74  5:48  Drone x2  
  74  5:49  Drone x3  
  80  5:50  Drone, Overlord  
  80  5:51  Overlord  
  80  5:52  Overlord  
  80  6:21  Zerg Melee Weapons Level 1  
  80  6:22  Hatchery, Zerg Ground Armor Level 1  
  80  6:23  Hatchery  
  80  6:24  Drone x4  
  82  6:27  Zergling x8  
  82  6:28  Hatchery  
  85  6:45  Zergling x18  
  85  6:46  Zergling x6  
  97  6:47  Overlord  
  97  6:48  Overlord  
  97  6:49  Overlord  
  97  6:59  Overseer  
  97  7:04  Overlord  
  97  7:05  Overlord  
  97  7:16  Hydralisk Den  
  97  7:18  Zergling x24  
  97  7:43  Zergling x32  
  113  7:47  Centrifugal Hooks  
  113  8:00  Zergling x16  
  121  8:15  Drone x5  
  121  8:18  Zergling x12  
  132  8:21  Baneling x12  
  131  8:36  Zergling x22  
  134  8:46  Zergling x10  
  134  8:47  Zergling x12  
  128  8:51  Zerg Ground Armor Level 2  
  128  8:52  Zerg Melee Weapons Level 2  
  123  8:59  Baneling x8  
  123  9:00  Baneling  
  121  9:15  Zergling x26  
  121  9:16  Overlord x4  
  133  9:20  Baneling x12  
  133  9:21  Baneling x5  
  133  9:44  Zergling x28  
  133  9:45  Zergling x20  
  119  10:46  Zergling x34  
  119  10:47  Zergling x44  
  156  10:52  Hydralisk x8  
  141  11:07  Baneling x3  
  141  11:08  Baneling x11  
  141  11:11  Baneling x16  
  138  11:12  Zergling x12  
  138  11:37  Baneling x5  
  138  11:41  Hydralisk x3  
  138  11:42  Hydralisk x8  
  130  12:16  Hydralisk x11  
  152  12:30  Zergling x2  
  152  12:31  Zergling x22  
Tags
 
Add a new tag
Caveats
  • Supply blocks, unpowered buildings, or Contaminate may cause inaccurate times.
  • Supply counts are checked every 10 seconds.